 Dungeon Crawl Stone Soup version 0.30-a0-390-g80c34de65d (webtiles) character file.

Game seed: 11330678712930774071

546886 tilp the Lord of Darkness (level 24, -4/199 HPs)
             Began as a Mummy Necromancer on Nov 30, 2022.
             Was the Champion of Kikubaaqudgha.
             Killed from afar by a red draconian (36 damage)
             ... with a searing blast
             ... on level 1 of the Realm of Zot on Dec 4, 2022.
             The game lasted 03:34:03 (73920 turns).

tilp the Lord of Darkness (Mummy Necromancer)      Turns: 73920, Time: 03:34:04

Health: -4/199     AC: 22    Str: 17    XL:     24   Next: 92%
Magic:  10/42      EV: 21    Int: 26    God:    Kikubaaqudgha [******]
Gold:   5731       SH: 16    Dex: 18    Spells: 4/53 levels left

rFire   . . .      SeeInvis +    b - +9 demon whip (freeze)
rCold   + . .      Faith    +    K - +4 kite shield {reflect}
rNeg    + + +      Spirit   .    f - +3 leather armour {rC+ rF+}
rPois   ∞          Reflect  +    h - +2 helmet {SInv}
rElec   .          Harm     .    R - +2 cloak {rPois}
rCorr   +          Rampage  .    J - +2 pair of gloves
Will    +++++                    z - +4 pair of boots "Wyfovvut" {+Inv rC- Dex+4}
Stlth   +++.......               r - amulet of magic regeneration
HPRegen 0.53/turn                k - ring of Suspicion {Will++ rCorr Str+2}
MPRegen 0.68/turn                Y - ring of Apukkod {rCorr EV+4 Str+3 Int+3}

@: animating dead
A: cold resistance 1, negative energy resistance 3, torment resistance 2, heat
vulnerability 1, in touch with death 2, no potions, faith
}: 3/15 runes: decaying, serpentine, silver
a: Renounce Religion, Evoke Invisibility, Unearth Wretches, Torment


You were on level 1 of the Realm of Zot.
You worshipped Kikubaaqudgha.
Kikubaaqudgha was exalted by your worship.
You visited 10 branches of the dungeon, and saw 47 of its levels.
You visited 2 bazaars.
You also visited: Bailey and Ice Cave.

You collected 10849 gold pieces.
You spent 5118 gold pieces at shops.

Inventory:

Hand Weapons
 a - a +9 demon whip of electrocution
 b - a +9 demon whip of freezing (weapon)
 D - the +7 lajatang of Order {silver, rMut}
   (You took it off a deep elf annihilator on level 3 of the Elven Halls)

   It inflicts extra damage upon those it strikes, and deals substantially
   increased damage to chaotic, mutated and magically transformed beings.
   rMut:      It protects you from mutation.
Missiles
 j - 20 boomerangs (quivered)
 v - 11 curare-tipped darts
 y - 8 javelins
 B - 6 silver javelins
 F - 3 atropa-tipped darts
 M - a throwing net
 U - 3 silver boomerangs
Armour
 f - a +3 leather armour of resistance (worn)
 h - a +2 helmet of see invisible (worn)
 o - the +4 ice dragon scales "Vocvis" {*Corrode +Blink rF- rC++ rN++ Slay+2}
   (You found it in an ice cave)

   Slay:      It affects your accuracy & damage with ranged weapons and melee
   (+2).
   rF:        It makes you vulnerable to fire.
   rC:        It greatly protects you from cold.
   rN:        It greatly protects you from negative energy.
   +Blink:    It lets you blink.
   *Corrode:  It may corrode you when you take damage.
 z - the +4 pair of boots "Wyfovvut" (worn) {+Inv rC- Dex+4}
   (You found it in an ice cave)

   Dex:       It affects your dexterity (+4).
   rC:        It makes you vulnerable to cold.
   +Inv:      It lets you turn invisible.
 J - a +2 pair of gloves (worn)
 K - a +4 kite shield of reflection (worn)
 R - a +2 cloak of poison resistance (worn)
Jewellery
 k - the ring of Suspicion (left hand) {Will++ rCorr Str+2}
   (You bought it in a shop in a bazaar)

   [ring of resist corrosion]

   Str:       It affects your strength (+2).
   rCorr:     It protects you from acid and corrosion.
   Will:      It greatly increases your willpower.
 m - the ring "Qiodaini" {rF+ SInv}
   (You took it off a deep elf annihilator on level 3 of the Elven Halls)

   [ring of protection from fire]

   rF:        It protects you from fire.
   SInv:      It lets you see invisible.
 r - an amulet of magic regeneration (around neck)
 C - a ring of protection from cold
 G - the ring "Luoror" {rElec MP+9 Str-5 Dex+4 Stlth+}
   (You found it on level 4 of the Vaults)

   [ring of magical power]

   Str:       It affects your strength (-5).
   Dex:       It affects your dexterity (+4).
   rElec:     It insulates you from electricity.
   MP:        It affects your magic capacity (+9).
   Stlth:     It makes you more stealthy.
 T - the amulet "Weing" {Spirit Rampage *Corrode rF+++ Stlth+}
   (You found it on level 11 of the Dungeon)

   [amulet of guardian spirit]

   It causes incoming damage to be divided between your reserves of health and
   magic.
   rF:        It renders you almost immune to fire.
   *Corrode:  It may corrode you when you take damage.
   Rampage:   It bestows one free step when moving towards enemies.
   Stlth:     It makes you more stealthy.
 X - a ring of protection from fire
 Y - the ring of Apukkod (right hand) {rCorr EV+4 Str+3 Int+3}
   (You bought it in a shop on level 2 of the Orcish Mines)

   [ring of evasion]

   EV:        It affects your evasion (+4).
   Str:       It affects your strength (+3).
   Int:       It affects your intelligence (+3).
   rCorr:     It protects you from acid and corrosion.
 Z - a ring of flight
Wands
 s - a wand of roots (44)
 x - a wand of paralysis (29)
 A - a wand of polymorph (22)
 H - a wand of flame (60)
 L - a wand of mindburst (63)
 P - a wand of acid (41)
 S - a wand of digging (5)
Scrolls
 c - 9 scrolls of fog
 d - 5 scrolls of magic mapping
 e - 22 scrolls of teleportation
 i - 10 scrolls of blinking
 l - a scroll of torment
 n - 11 scrolls of immolation
 q - 8 scrolls of poison
 u - 5 scrolls of fear
 w - 2 scrolls of enchant weapon
 E - a scroll of acquirement
 I - 5 scrolls of vulnerability
 N - 2 scrolls of silence
 W - 7 scrolls of amnesia
Miscellaneous
 g - a box of beasts
 p - a lightning rod (4/4)
 t - a condenser vane
 O - a phantom mirror
 Q - a phial of floods
 V - a tin of tremorstones (2/2)


   Skills:
 + Level 18.5 Fighting
 - Level 12.0 Maces & Flails
 - Level 4.0 Throwing
 + Level 7.2 Armour
 + Level 10.7 Dodging
 - Level 4.0 Stealth
 + Level 10.7 Shields
 - Level 15.0 Spellcasting
 - Level 10.0 Hexes
 + Level 10.7 Summonings
 * Level 20.8 Necromancy
 - Level 4.0 Translocations
 - Level 12.0 Ice Magic
 - Level 10.0 Earth Magic
 + Level 10.7 Evocations


You had 4 spell levels left.
You knew the following spells:

 Your Spells              Type           Power      Damage    Failure   Level
a - Infestation           Necr           68%        N/A       9%          8
b - Vampiric Draining     Necr           100%       2d13      0%          3
c - Animate Dead          Necr           100%       N/A       0%          4
d - Anguish               Hex/Necr       61%        N/A       1%          4
e - Death Channel         Necr           68%        N/A       1%          6
f - Borgnjor's Vile Clut  Necr/Erth      61%        N/A       1%          5
g - Dispel Undead         Necr           100%       3d31      0%          4
h - Simulacrum            Ice/Necr       62%        N/A       1%          6
i - Blink                 Tloc           80%        N/A       1%          2
j - Haunt                 Necr/Summ      61%        N/A       9%          7

Your spell library contained the following spells:

 Spells                   Type           Power      Damage    Failure   Level
 Necrotise                Necr           100%       1d9       0%          1
 Apportation              Tloc           80%        N/A       1%          1
 Kiss of Death            Conj/Necr      100%       2d13      1%          1
 Sandblast                Erth           100%       2d20      1%          1
 Summon Small Mammal      Summ           100%       N/A       1%          1
 Cigotuvi's Dreadful Rot  Necr/Pois/Air  100%       N/A       1%          2
 Passwall                 Tmut/Erth      37%        N/A       1%          2
 Call Canine Familiar     Summ           66%        N/A       1%          3
 Frozen Ramparts          Ice            100%       1d16      1%          3
 Hailstorm                Conj/Ice       50%        3d11      1%          3
 Ozocubu's Armour         Ice            69%        N/A       1%          3
 Summon Guardian Golem    Hex/Summ       65%        N/A       1%          3
 Tukima's Dance           Hex            64%        N/A       1%          3
 Animate Armour           Summ/Erth      100%       N/A       1%          4
 Cause Fear               Hex            32%        N/A       1%          4
 Leda's Liquefaction      Hex/Erth       32%        N/A       1%          4
 Summon Ice Beast         Ice/Summ       68%        N/A       1%          4
 Dazzling Flash           Conj/Hex       90%        N/A       2%          3
 Inner Flame              Hex/Fire       45%        N/A       2%          3
 Stone Arrow              Conj/Erth      90%        3d12      2%          3
 Momentum Strike          Conj/Tloc      58%        3d9       4%          2
 Shock                    Conj/Air       76%        1d7       7%          1
 Summon Lightning Spire   Summ/Air       47%        N/A       8%          4
 Vhi's Electric Charge    Tloc/Air       58%        N/A       9%          3
 Petrify                  Tmut/Erth      45%        N/A       9%          4
 Poisonous Vapours        Pois/Air       38%        N/A       11%         2
 Manifold Assault         Tloc           40%        N/A       13%         4
 Passage of Golubria      Tloc           40%        N/A       13%         4
 Ignite Poison            Fire/Tmut/Pois 19%        N/A       21%         3
 Mephitic Cloud           Conj/Pois/Air  19%        N/A       21%         3
 Swiftness                Air            19%        N/A       21%         3
 Airstrike                Air            9%         2d(2-18)  56%         4
 Flame Wave               Conj/Fire      19%        2d7       56%         4
 Olgreb's Toxic Radiance  Pois           19%        N/A       56%         4
 Sticky Flame             Conj/Fire      19%        2d4       56%         4
 Agony                    Necr           100%       N/A       1%          5
 Summon Mana Viper        Hex/Summ       65%        N/A       2%          5
 Lee's Rapid Deconstruct  Erth           32%        3d16*     3%          5
 Summon Forest            Summ/Tloc      27%        N/A       10%         5
 Summon Cactus Giant      Summ           33%        N/A       13%         6
 Silence                  Hex/Air        22%        N/A       24%         5
 Yara's Violent Unravell  Hex/Tmut       22%        3d10      24%         5
 Freezing Cloud           Conj/Ice/Air   20%        6-21      36%         5
 Ozocubu's Refrigeration  Ice            34%        4d15      38%         7
 Monstrous Menagerie      Summ           33%        N/A       58%         7
 Summon Hydra             Summ           33%        N/A       58%         7
 Iron Shot                Conj/Erth      22%        9d5       80%         6
 Alistair's Intoxication  Tmut/Pois      12%        N/A       88%         5
 Arcjolt                  Conj/Air       9%         1d19      88%         5
 Irradiate                Conj/Tmut      9%         3d14      88%         5
 Iskenderun's Battlesphe  Conj           19%        2d7       88%         5
 Dispersal                Tloc           20%        N/A       90%         6
 Conjure Ball Lightning   Conj/Air       9%         3x3d6     100%        6
 Eringya's Noxious Bog    Tmut/Pois      9%         N/A       100%        6
 Discord                  Hex            32%        N/A       100%        8
 Disjunction              Tloc           20%        N/A       100%        8
 Maxwell's Capacitive Co  Air            9%         ∞         100%        8
 Chain Lightning          Conj/Air       9%         3d12      100%        9
 Dragon's Call            Summ           33%        N/A       100%        9
 Fire Storm               Conj/Fire      9%         8d3       100%        9
 Polar Vortex             Ice            34%        N/A       100%        9
 Shatter                  Erth           32%        3d26*     100%        9
 Sublimation of Blood     Necr           Unusable   N/A       N/A         2
 Ice Form                 Ice/Tmut       Unusable   N/A       N/A         4
 Wereblood                Tmut           Unusable   N/A       N/A         2
 Statue Form              Tmut/Erth      Unusable   N/A       N/A         6
 Blade Hands              Tmut           Unusable   N/A       N/A         5
 Dragon Form              Tmut           Unusable   N/A       N/A         7
 Storm Form               Tmut/Air       Unusable   N/A       N/A         7

Dungeon Overview and Level Annotations

Branches:
Dungeon (15/15)            Temple (0/1) D:5            Lair (5/5) D:9
  Swamp (4/4) Lair:2        Snake (4/4) Lair:2        Slime (0/5) Lair:5
    Orc (2/2) D:12            Elf (3/3) Orc:2        Vaults (5/5) D:14
  Crypt (3/3) Vaults:3       Tomb (0/3) Crypt:3      Depths (4/4) D:15
    Zot (2/5) Depths:4     Bailey (visited)           IceCv (visited)

Altars:
Cheibriados
Fedhas
Gozag
Hepliaklqana
Kikubaaqudgha
Nemelex Xobeh
Okawaru
Qazlal
Trog
Vehumet
Wu Jian
Xom
Yredelemnul
Lugonu

Shops:
D:4 :   D:5 ?   Orc:2 =[:*   Elf:1 ?=!?   Elf:3 *   Vaults:4 (   Vaults:5 !!
Depths:3 *

Portals:
Hell: Depths:1 Depths:2 Depths:3 Depths:4
Abyss: Lair:5 Depths:3
Pandemonium: Depths:2
Ziggurat: Depths:3
Trove: Depths:1 (give +7 demon blade)

Annotations:
Elf:2 3 runed translucent doors, Azrael


Innate Abilities, Weirdness & Mutations

You are immune to poison.
Your flesh is cold resistant. (rC+)
You are immune to negative energy. (rN+++)
You are immune to unholy pain and torment.
You are vulnerable to heat. (rF-)
You are strongly in touch with the powers of death.
You do not drink.
You have a special connection with the divine. (Faith)


Message History

Confirm with . or Enter, or press ? or * to list all spells.
Casting: Anguish (safe; 1% risk of failure)
Press: ? - help, Dir - look around, f - activate You feel a strong surge of power!
The purple draconian shifter resists with almost no effort.
The red draconian is haunted by guilt!
The purple draconian shifter points at you and mumbles some strange words.
The red draconian blinks!
Your magical contamination has completely faded away.
Unknown command.
Unknown command.
Unknown command.
Casting: Anguish (safe; 1% risk of failure)
Confirm with . or Enter, or press ? or * to list all spells.
You feel a strong surge of power!
You call upon the dead to rise.
The red draconian breathes fire at you. The searing blast hits you!!
* * * LOW HITPOINT WARNING * * *
The red draconian is wracked by anguish!!
Unknown command.
Kikubaaqudgha calls piteous wretches from the earth! 2 moths of wrath come into view.
The red draconian hits you with a +0 dire flail!
* * * LOW HITPOINT WARNING * * *
The red draconian is wracked by anguish!
The purple draconian shifter mumbles some strange words.
The purple draconian shifter blinks!
Unknown command.
Casting: Animate Dead (safe; 0% risk of failure)
Confirm with . or Enter, or press ? or * to list all spells.
Aiming: Vampiric Draining (safe; 0% risk of failure)
Press: ? - help, Shift-Dir - straight line, f - red draconian
Aim: a red draconian, wielding a +0 dire flail (moderately wounded, anguished)
You feel a strong surge of power!
You draw life force from the red draconian!
You feel life coursing into your body. The red draconian breathes fire at you.
The searing blast hits you!!!
You die...
Kikubaaqudgha rasps: "You have failed me!
Welcome... oblivion!"

,,* ##...# #...# #........,,,*
,,*##....# #...# #........,,,*
,,##..8..## #...# #...[....,,,*
,,#.......## #...###........,,,**
**#.[)).8..#####>...........,,,,,
#..∩.Z.........§..........,,,,,
#..)..8...####...y........,,,,,
#......Z#Z#* #○d..........,,,,,
##..8......# #@y..........***,,
##..!.....# #######......* *,,
*** ####.....# *..q...* *,, ,,*
#.....# *......* *,, ,,* #.....#
*,,,,,,* *,, ,,* *,,,,⌠* *,,,,,,*
*,, ,,******,,,,,* *,,,,,,* *,,
,,,,,,,,,,,,,*********,,,,,,* *,,
,,,,,,,,,,,,,,,,,,,,,,,,,,,,* *,,


You could see a red draconian (catching breath, anguished) and 2 moths of wrath.

Vanquished Creatures
  3 dread liches
  An ancient lich (Vaults:5)
  Frederick (Crypt:2)
  The ghost of Angani the Sifu, a veteran DrNe of Wu Jian (Depths:3)
  Boris (4 times) (Vaults:3 Vaults:4 Crypt:1 Vaults:5)
  Vashnia (Snake:3)
  Bai Suzhen (Elf:2)
  Nikola (Depths:2)
  A Tzitzimitl (Depths:3)
  3 bone dragons
  2 doom hounds (Depths:2)
  Zenata (Elf:1)
  Jorgrun (Snake:1)
  A tentacled monstrosity (Depths:3)
  Mlioglotl (Swamp:4)
  4 titans (Vaults:5)
  Asterion (Snake:1)
  7 liches
  2 deep elf blademasters (Elf:3)
  Frances (Elf:1)
  2 sphinxes
  8 ancient champions
  An Executioner (Depths:3)
  A storm dragon (Vaults:5)
  Kirke (D:14)
  2 shadow dragons
  A thorn hunter (Swamp:4)
  Roxanne (Elf:3)
  A fenstrider witch (Swamp:1)
  An azure jelly (IceCv)
  3 fire giants
  A daeva (Depths:3)
  3 nagarajas (Snake:4)
  4 revenants
  2 frost giants (Depths:2)
  12 vault wardens
  Aizul (Snake:1)
  4 deep elf sorcerers
  A deep elf elementalist (Elf:3)
  2 angels (Depths:3)
  A cacodemon (Depths:2)
  A spectral juggernaut (Depths:3)
  2 curse skulls (Crypt:3)
  A caustic shrike zombie (Depths:3)
  3 ghouls
  Louise (Elf:1)
  A spriggan defender (Depths:4)
  6 ironbound preservers
  6 very ugly things
  8 vampire knights
  4 quicksilver oozes (IceCv)
  A war gargoyle (Vaults:5)
  7 reapers
  2 juggernaut skeletons (Depths:3)
  A hydra skeleton (Swamp:4)
  A caustic shrike skeleton (Depths:3)
  4 deep elf demonologists
  4 stone giants
  3 putrid mouths
  6 dire elephants
  A purple draconian (Depths:4)
  2 bunyips
  9 deep elf annihilators
  A bunyip (shapeshifter) (Elf:1)
  4 eidola
  A white draconian (Zot:2)
  2 ettins
  3 shambling mangroves (Swamp:4)
  10 deep elf death magi
  A merfolk javelineer (Depths:4)
  5 deep elf high priests
  2 crystal guardians (Vaults:3)
  12 jiangshi
  The ghost of crasatator the Grappler, a journeyman TrFi of Cheibriados (Lair:2)
  4 yaktaur captains
  A quicksilver dragon skeleton (Depths:3)
  An entropy weaver (Vaults:5)
  A spectral spriggan (Depths:3)
  A quicksilver dragon zombie (Depths:3)
  3 fire dragons
  2 great orbs of eyes
  A spectral golden dragon (Depths:3)
  5 ice dragons
  3 ogre magi
  4 ironbound frosthearts
  16 vault guards
  A spectral tengu (Depths:3)
  2 spriggan air magi
  A death knight (Crypt:3)
  A peacekeeper (Vaults:3)
  A catoblepas (D:12)
  A spectral sphinx (Depths:3)
  3 spriggan skeletons
  6 hydras
  11 centaur warriors
  2 deep troll shamans
  Erica (D:8)
  An alligator (shapeshifter) (Vaults:5)
  7 two-headed ogres
  2 anacondas (Snake:4)
  2 deep troll earth magi
  4 tengu warriors
  4 alligators
  An orc high priest (Elf:3)
  An azure jelly zombie (Crypt:2)
  6 vampire magi
  3 boulder beetles
  A spectral storm dragon (Depths:3)
  16 dancing weapons
  A titan zombie (Depths:3)
  4 naga sharpshooters
  2 thrashing horrors (Lair:5)
  3 naga warriors
  10 deep elf knights
  2 shock serpents
  A salamander mystic (Snake:4)
  3 shadow wraiths (Crypt:3)
  A sun demon (Depths:2)
  20 deep trolls
  3 iron trolls
  A bunyip zombie (Crypt:3)
  A death drake (shapeshifter) (Depths:1)
  16 skeletal warriors
  Amaemon (D:9)
  2 death drakes
  A storm dragon skeleton (Depths:1)
  A goliath frog (Swamp:1)
  2 glowing orange brains
  2 tengu zombies (Depths:3)
  A deep troll (shapeshifter) (Lair:5)
  3 spriggan druids (Swamp:4)
  A steelbarb worm (shapeshifter) (Vaults:4)
  A lindwurm (Vaults:2)
  8 flayed ghosts
  3 spectral hydras (Swamp:4)
  A golden dragon skeleton (Depths:3)
  2 shadow dragon zombies (Crypt:2)
  A swamp dragon (Swamp:4)
  7 phantasmal warriors
  2 orange crystal statues (IceCv)
  21 deep elf pyromancers
  Pikel (D:6)
  14 deep elf archers
  15 ironbound convokers
  2 orc knights
  11 necromancers
  12 deep elf zephyrmancers
  5 wizards
  2 harpies (Vaults:3)
  An iron dragon zombie (Crypt:2)
  A wolf spider (D:12)
  The ghost of Angani the Cudgeller, a novice DrWr of Ashenzari (D:6)
  2 stone giant zombies
  4 oklob plants
  4 mana vipers
  18 ugly things
  A tengu skeleton (Depths:3)
  2 orc sorcerers
  5 cyclopes
  2 shadow dragon skeletons
  An iron dragon skeleton (Depths:1)
  2 manticores
  2 sphinx skeletons
  5 salamanders
  3 moths of wrath
  A frost giant zombie (Depths:2)
  A goliath frog skeleton (Crypt:2)
  A torpor snail (Lair:5)
  A dire elephant zombie (Crypt:2)
  A naga zombie (Crypt:3)
  14 black mambas
  A titan simulacrum (Depths:3)
  2 rust devils (Depths:2)
  3 naga magi
  A smoke demon (Lair:5)
  An orange demon (D:9)
  6 cane toads
  6 gargoyles
  8 vault sentinels
  A centaur skeleton (Crypt:2)
  A rime drake (shapeshifter) (Lair:5)
  A spectral glowing shapeshifter (Depths:3)
  2 unseen horrors (D:12)
  2 kobold demonologists
  17 yaktaurs
  An orc skeleton (Crypt:3)
  8 spriggan zombies
  6 freezing wraiths
  A rime drake (IceCv)
  A komodo dragon (shapeshifter) (Elf:2)
  A bunyip simulacrum (Crypt:2)
  2 golden dragon simulacra (Depths:3)
  5 komodo dragons
  3 guardian mummies (Crypt:3)
  6 tormentors
  2 tengu conjurers
  3 trolls
  An ancient zyme (Lair:5)
  A hydra zombie (Swamp:4)
  A pale draconian skeleton (Crypt:1)
  6 hornets
  Prince Ribbit (D:6)
  2 large abominations (Lair:5)
  A bloated husk (Swamp:2)
  A shadow dragon simulacrum (Vaults:3)
  5 polar bears
  A polar bear (shapeshifter) (Lair:5)
  4 tyrant leeches
  35 slime creatures
  A fire dragon zombie (Crypt:2)
  11 blink frogs
  A boulder beetle zombie (Crypt:1)
  2 harpy skeletons
  A sphinx simulacrum (Depths:2)
  4 flying skulls (Crypt:1)
  A frost giant simulacrum (Depths:3)
  A death drake skeleton (Swamp:4)
  5 vampires (Crypt:3)
  A centaur simulacrum (D:15)
  A guardian serpent skeleton (Crypt:3)
  A wyvern (shapeshifter) (Elf:1)
  3 spriggans
  A shadow (D:11)
  7 wraiths
  3 wyverns
  Sigmund (D:5)
  5 air elementals
  23 yaks
  2 ynoxinuls (Lair:5)
  An ettin skeleton (Vaults:1)
  A fire elemental (Elf:1)
  12 water elementals
  4 basilisks
  3 elf zombies
  An elf simulacrum (Vaults:3)
  4 humans (Bailey)
  A black mamba skeleton (Crypt:2)
  4 steam dragons
  4 vampire mosquitoes (D:14)
  2 hogs (D:14)
  5 nagas
  4 wargs
  2 harpy simulacra
  A demonspawn zombie (Crypt:1)
  9 swamp worms
  2 glowing shapeshifter zombies (Vaults:3)
  2 hydra simulacra (Swamp:4)
  A cane toad zombie (Lair:1)
  8 water moccasins
  2 acid dragons
  A sky beast (D:8)
  2 swamp drakes (Swamp:4)
  An ice beast (D:15)
  5 black bears
  18 orc warriors
  5 great orb of eyes simulacra (IceCv)
  2 meliai simulacra (D:15)
  3 centaurs
  10 ogres
  A wolf (Lair:2)
  A blink frog skeleton (Crypt:1)
  A swamp dragon skeleton (Swamp:4)
  A human zombie (Vaults:3)
  A komodo dragon zombie (Crypt:3)
  6 slime creature simulacra (IceCv)
  A yaktaur zombie (Crypt:2)
  A necrophage (Crypt:3)
  2 kobold brigands
  19 bullfrogs
  A cyclops zombie (Crypt:2)
  2 earth elementals
  5 scorpions
  3 glowing shapeshifter simulacra (IceCv)
  5 wights (D:8)
  A hornet simulacrum (D:14)
  6 killer bees
  2 oklob saplings (D:10)
  3 human simulacra
  A yak zombie (Lair:1)
  14 small abominations (Lair:5)
  A shapeshifter skeleton (Crypt:1)
  5 howler monkeys
  A wolf zombie (Crypt:2)
  An electric eel (D:15)
  A centaur zombie (Crypt:2)
  4 hounds
  9 orc priests
  Crazy Yiuf (D:5)
  A bullfrog skeleton (Crypt:1)
  3 jellies
  2 iguanas (D:5)
  Terence (D:2)
  16 orc wizards
  5 hell rats (Lair:5)
  An acid dragon skeleton (Crypt:1)
  A gnoll (Orc:1)
  13 adders
  3 shadow imps (D:4)
  A steam dragon skeleton (Crypt:3)
  3 white imps (D:4)
  4 ufetubi
  An adder skeleton (Crypt:1)
  3 worms
  3 dart slugs
  63 orcs
  11 endoplasms
  5 giant cockroaches
  14 goblins
  7 hobgoblins
  8 jackals
  10 kobolds
  8 quokkas
  13 ball pythons
  4 bats
  3 frilled lizards (D:1)
  4 rats
1246 creatures vanquished.

Vanquished Creatures (collateral kills)
  Boris (Depths:1)
  A golden dragon (Vaults:5)
  A bone dragon (Depths:2)
  An electric golem (Zot:2)
  A doom hound (Depths:2)
  A tentacled monstrosity (Vaults:5)
  3 liches
  A quicksilver dragon (Vaults:5)
  A deep elf master archer (Elf:3)
  3 titans (Vaults:5)
  Gastronok (D:9)
  A thorn hunter (Swamp:4)
  3 sphinxes
  A shadow dragon (Vaults:5)
  2 tengu reavers (Vaults:5)
  A revenant (Crypt:3)
  A draconian monk (Zot:1)
  3 nagarajas (Snake:4)
  An azure jelly (IceCv)
  A storm dragon (Vaults:5)
  5 vault wardens
  3 fire giants
  3 deep elf sorcerers
  2 iron dragons
  2 draconian scorchers
  A ghost moth (Crypt:1)
  2 ghouls (Crypt:3)
  2 frost giants
  An orc warlord (Vaults:1)
  7 ironbound preservers
  A spriggan defender (Depths:4)
  The ghost of caveywoolpert the Thaumaturge, a journeyman DsEE of Vehumet (Lair:5)
  8 stone giants
  A draconian stormcaller (Zot:1)
  A juggernaut skeleton (Depths:3)
  2 ironbound thunderhulks
  A very ugly thing (Depths:1)
  A purple draconian (Zot:2)
  A green draconian (Depths:4)
  A bunyip (Swamp:2)
  2 deep elf demonologists
  A vampire knight (Depths:1)
  5 dire elephants
  4 deep elf annihilators
  3 spark wasps
  A black draconian (Depths:4)
  5 deep elf death magi
  An entropy weaver (Vaults:1)
  4 ettins
  2 fire dragons
  A jiangshi (Crypt:1)
  2 shambling mangroves
  4 great orbs of eyes
  2 yaktaur captains
  3 ice dragons
  16 vault guards
  3 deep elf high priests
  6 hydras
  2 rakshasas (Depths:2)
  An ogre mage (Orc:2)
  A spriggan air mage (Depths:2)
  A centaur warrior (Vaults:3)
  A death knight (Vaults:3)
  An ironbound frostheart (Vaults:1)
  An anaconda (Snake:2)
  A spectral frost giant (Depths:3)
  A peacekeeper (Vaults:3)
  A dancing weapon (Elf:3)
  3 boulder beetles
  An Orb Guardian skeleton (Crypt:3)
  3 deep troll shamans (Depths:3)
  3 naga warriors
  2 two-headed ogres (Orc:2)
  2 tengu warriors
  5 alligators
  4 vampire magi
  2 deep troll earth magi
  2 deep elf knights
  A thrashing horror (Lair:5)
  2 titan zombies
  4 naga sharpshooters (Snake:4)
  A shock serpent (Snake:4)
  A goliath frog (Swamp:1)
  3 iron trolls
  2 spriggan riders
  3 swamp dragons
  9 deep trolls
  Lodul (D:14)
  A flayed ghost (Swamp:4)
  5 bog bodies
  3 spriggan druids
  A deep elf archer (Elf:3)
  A wizard (Vaults:1)
  2 orc knights
  A spectral hydra (Swamp:4)
  A glowing orange brain (Depths:4)
  2 mana vipers (Snake:2)
  3 necromancers
  8 ironbound convokers
  7 ugly things
  A quicksilver dragon simulacrum (Depths:3)
  8 deep elf zephyrmancers (Elf:3)
  7 deep elf pyromancers
  2 tengu skeletons
  An orc sorcerer (Orc:1)
  A phantasmal warrior (Crypt:3)
  A fire giant zombie (Depths:2)
  2 harpies (Vaults:3)
  8 slime creatures
  2 will-o-the-wisps
  3 cyclopes
  A manticore (D:15)
  A moth of wrath (Lair:5)
  7 salamanders
  A fire giant skeleton (Vaults:1)
  A guardian serpent (Snake:2)
  4 vault sentinels
  2 sphinx skeletons (Depths:3)
  8 black mambas
  9 naga magi
  4 cane toads
  A smoke demon (Depths:2)
  Psyche (D:10)
  2 komodo dragons
  10 yaktaurs
  A tengu conjurer (Depths:3)
  A hydra zombie (Swamp:4)
  A guardian mummy (Crypt:3)
  3 trolls
  A merfolk (shapeshifter) (Depths:2)
  2 death drake zombies (Swamp:4)
  8 hornets
  13 blink frogs
  6 tyrant leeches
  A hydra skeleton (Swamp:4)
  3 small abominations (Lair:5)
  2 wraiths
  A shadow (D:12)
  9 spriggans
  7 water elementals
  A fire elemental (Elf:2)
  A vampire (D:10)
  24 yaks
  3 basilisks
  A hog (D:14)
  A chaos spawn (Lair:5)
  A redback simulacrum (D:15)
  A steam dragon (Lair:2)
  17 nagas
  5 swamp worms
  A glowing shapeshifter zombie (Depths:3)
  A warg (Orc:2)
  3 water moccasins
  2 ice beasts (D:15)
  4 orc warriors
  2 swamp dragon zombies (Swamp:4)
  10 ogres
  A tengu (shapeshifter) (Vaults:5)
  4 wolves (Lair:2)
  2 centaurs (D:15)
  2 bullfrogs
  A kobold brigand (D:11)
  An earth elemental (Elf:1)
  A glowing shapeshifter simulacrum (IceCv)
  2 necrophages
  2 killer bees (D:14)
  4 orc priests
  A gnoll bouda (Orc:1)
  7 orc wizards
  2 adders
  5 gnolls
  3 white imps (D:15)
  16 orcs
  A ball python (D:10)
  2 endoplasms (Lair:5)
  A bat (D:1)
  A frilled lizard (D:1)
  2 kobolds (D:11)
  A river rat zombie (Crypt:3)
  A spectral goblin (D:4)
528 creatures vanquished.

Vanquished Creatures (others)
  Saint Roka (Elf:3)
  A golden dragon (Zot:2)
  Rupert (Lair:5)
  A lich (Vaults:5)
  Grunn (Depths:2)
  A quicksilver dragon (Zot:1)
  An acid blob (Crypt:3)
  4 sphinxes
  4 tengu reavers
  2 shadow dragons
  A draconian knight (Zot:2)
  A fenstrider witch (Crypt:3)
  6 frost giants
  6 fire giants
  3 deep elf sorcerers (Elf:3)
  6 vault wardens
  A deep elf elementalist (Elf:1)
  4 draconian stormcallers (Depths:4)
  8 ironbound preservers
  4 stone giants
  A war gargoyle (Vaults:3)
  4 ironbound thunderhulks
  A ghoul (Swamp:4)
  4 very ugly things
  A vampire knight (Crypt:1)
  A green draconian (Depths:4)
  6 spark wasps
  A dire elephant (Vaults:4)
  A bunyip (Swamp:4)
  A red draconian (Zot:1)
  A yellow draconian (Zot:1)
  A merfolk javelineer (Depths:1)
  4 very ugly thing zombies
  An acid blob zombie (Crypt:3)
  5 fire dragons
  2 deep elf high priests
  A jiangshi (Crypt:1)
  8 ettins
  4 ice dragons
  A fenstrider witch zombie (Crypt:3)
  5 hydras
  8 yaktaur captains
  2 salamander tyrants (Snake:4)
  12 vault guards
  3 ogre magi
  3 spriggan air magi
  A catoblepas (D:14)
  2 jorogumos
  2 anacondas (Snake:4)
  3 centaur warriors
  2 alligators
  A death knight (Vaults:3)
  7 ironbound frosthearts
  4 boulder beetles
  16 two-headed ogres
  2 tengu warriors
  2 azure jelly zombies (IceCv)
  8 naga warriors
  4 deep troll shamans
  7 deep troll earth magi
  An orc high priest (Orc:2)
  2 shock serpents
  A vampire mage (Depths:1)
  2 hell knights
  A titan zombie (Vaults:5)
  3 naga sharpshooters
  6 spriggan berserkers
  10 deep elf knights
  3 iron trolls (Depths:3)
  3 goliath frogs (Swamp:1)
  2 death drakes
  4 spriggan riders
  3 spark wasp zombies
  A bunyip zombie (Swamp:4)
  An anaconda zombie (Snake:4)
  12 deep trolls
  6 lindwurms
  8 swamp dragons
  7 deep elf archers
  2 goliath frog zombies (Swamp:1)
  2 naga ritualists
  2 harpies (Crypt:1)
  10 ironbound convokers
  5 wizards
  3 ugly thing zombies
  12 deep elf zephyrmancers
  2 phantasmal warriors
  A mana viper (Snake:2)
  2 sphinx zombies (Depths:4)
  2 necromancers (Depths:3)
  4 orc knights
  6 stone giant zombies
  2 jorogumo zombies
  2 cyclopes (D:11)
  4 fire giant zombies
  11 deep elf pyromancers
  10 ugly things
  2 manticores (D:15)
  A frost giant zombie (Depths:3)
  2 moths of wrath (Zot:2)
  10 salamanders
  Joseph (D:9)
  2 elephants
  2 shock serpent zombies (Snake:4)
  2 guardian serpents
  5 naga magi
  10 black mambas
  Maurice (D:9)
  A centaur zombie (D:13)
  3 vault sentinels (Vaults:5)
  A green draconian zombie (Depths:4)
  Maggie (Lair:2)
  2 cane toads
  3 rime drakes
  7 yaktaur zombies
  2 komodo dragons
  4 swamp worm zombies (Swamp:4)
  9 yaktaurs
  3 hydra zombies
  2 harpy zombies (Crypt:1)
  A mana viper zombie (Snake:1)
  2 meliai (D:14)
  5 trolls
  2 bloated husks
  3 death drake zombies
  3 tyrant leeches
  A polar bear (IceCv)
  3 guardian serpent zombies
  2 hornets (Swamp:4)
  A moth of wrath zombie (Zot:2)
  8 blink frogs
  6 slime creatures
  3 ettin zombies
  A fire dragon zombie (Crypt:3)
  2 ice dragon zombies
  A spriggan (Lair:5)
  A flying skull (Crypt:1)
  13 yaks
  A wyvern (Lair:1)
  7 black mamba zombies
  6 slime creature zombies
  A hog (D:14)
  2 tyrant leech zombies (Swamp:4)
  A basilisk (shapeshifter) (Elf:3)
  3 wargs
  A swamp worm (Swamp:4)
  A two-headed ogre zombie (D:14)
  7 water moccasins
  A merfolk zombie (Depths:2)
  20 nagas
  A cane toad zombie (Lair:5)
  3 tengu zombies
  15 deep troll zombies
  A black bear (D:9)
  A swamp drake (Swamp:4)
  11 orc warriors
  7 ice beasts
  57 elf zombies
  3 blink frog zombies (Lair:5)
  5 hornet zombies
  19 ogres
  4 swamp dragon zombies
  A lindwurm zombie (Vaults:5)
  A centaur (D:15)
  A wolf (Lair:2)
  3 rime drake zombies (IceCv)
  2 salamander zombies (Snake:3)
  4 bullfrogs
  A gnoll sergeant (D:13)
  A wyvern zombie (Lair:5)
  3 warg zombies
  3 water moccasin zombies
  44 human zombies
  2 killer bees
  2 polar bear zombies
  9 spriggan zombies
  5 yak zombies
  6 wolf zombies (Lair:2)
  2 bullfrog zombies
  A black bear zombie (D:9)
  10 orc priests
  5 orc wizards
  12 naga zombies
  6 ice beast zombies (IceCv)
  3 ogre zombies
  A howler monkey zombie (D:11)
  3 gnolls
  A swamp drake zombie (Swamp:4)
  2 adders
  2 adder zombies
  22 orc zombies
  11 orcs
  4 gnoll zombies
  A goblin (D:15)
  2 hobgoblins
  A kobold (D:11)
  A quokka (D:10)
  A frilled lizard (D:14)
  A goblin zombie (D:15)
  A hobgoblin zombie (D:11)
  A kobold zombie (D:11)
  3 demonic plants (D:4)
  4 foxfires (Swamp:1)
  21 fungi
  103 plants
983 creatures vanquished.

Grand Total: 2757 creatures vanquished

Notes
Turn   | Place    | Note
-------+----------+-------------------------------------------
     0 | D:1      | tilp the Mummy Necromancer began the quest for the Orb.
     0 | D:1      | Reached XP level 1. HP: 13/13 MP: 4/4
   200 | D:1      | Reached XP level 2. HP: 20/20 MP: 3/5
   590 | D:1      | Upgraded the game from 0.30-a0-377-g5cb311bc9f to
                  | 0.30-a0-381-g6ea064c7b4
   957 | D:2      | Gained mutation: You are in touch with the powers of death.
                  | [Mummy growth]
   957 | D:2      | Reached XP level 3. HP: 25/25 MP: 5/7
   961 | D:2      | Learned a level 3 spell: Vampiric Draining
  1139 | D:2      | Reached skill level 1 in Fighting
  1397 | D:2      | Noticed Terence
  1630 | D:2      | Reached XP level 4. HP: 32/32 MP: 5/8
  2084 | D:3      | Found an ornate altar of the Wu Jian Council.
  2170 | D:3      | Found a faded altar of an unknown god.
  2676 | D:3      | Reached skill level 5 in Necromancy
  2676 | D:3      | Reached XP level 5. HP: 4/38 MP: 1/10
  2897 | D:3      | Found a shimmering altar of Xom.
  2998 | D:3      | Noticed a black bear
  3121 | D:3      | Noticed a centaur
  3499 | D:4      | Found a hazy altar of Hepliaklqana.
  3528 | D:4      | Found Nyalerri's Book Shoppe.
  4007 | D:4      | Reached XP level 6. HP: 38/44 MP: 12/12
  4557 | D:5      | Entered Level 5 of the Dungeon
  4583 | D:5      | Found a radiant altar of Vehumet.
  4605 | D:5      | Noticed Sigmund
  4681 | D:5      | Reached skill level 6 in Necromancy
  4731 | D:5      | Reached XP level 7. HP: 52/52 MP: 9/14
  4800 | D:5      | Reached skill level 5 in Spellcasting
  4877 | D:5      | Found a staircase to the Ecumenical Temple.
  5347 | D:6      | Noticed Pikel
  5355 | D:6      | Killed Pikel
  5356 | D:6      | Reached skill level 1 in Maces & Flails
  5356 | D:6      | Reached skill level 1 in Throwing
  5356 | D:6      | Reached skill level 1 in Evocations
  5356 | D:6      | Reached XP level 8. HP: 40/61 MP: 1/16
  5525 | D:6      | Noticed Prince Ribbit
  5539 | D:6      | Reached skill level 7 in Necromancy
  5553 | D:6      | Killed Prince Ribbit
  5554 | D:6      | Reached XP level 9. HP: 36/67 MP: 4/18
  5638 | D:6      | Found an ancient bone altar of Kikubaaqudgha.
  5723 | D:6      | Found a runed translucent door.
  5727 | D:6      | Noticed Angani's ghost (novice DrWr)
  5908 | D:6      | Became a worshipper of Kikubaaqudgha
  6023 | D:6      | Learned a level 4 spell: Animate Dead
  6071 | D:7      | Found a flagged portal.
  6095 | Bailey   | Entered a bailey
  6102 | Bailey   | Reached skill level 5 in Fighting
  6171 | Bailey   | Reached skill level 8 in Necromancy
  6543 | Bailey   | Reached * piety under Kikubaaqudgha
  6543 | Bailey   | Received a gift from Kikubaaqudgha
  6666 | Bailey   | Noticed a vault guard
  6801 | Bailey   | Noticed a vault guard
  6917 | Bailey   | Killed a vault guard
  6918 | Bailey   | Reached XP level 10. HP: 61/77 MP: 7/21
  7001 | Bailey   | Killed a vault guard
  7298 | D:7      | Reached skill level 9 in Necromancy
  7839 | D:2      | Killed Terence
  8037 | D:5      | Found Roosea's Magic Scroll Emporium.
  8039 | D:5      | Killed Sigmund
  8063 | D:5      | Bought a scroll of blinking for 90 gold pieces
  8063 | D:5      | Bought a scroll of fog for 48 gold pieces
  8063 | D:5      | Bought a scroll of magic mapping for 90 gold pieces
  8121 | D:5      | Found a runed translucent door.
  8122 | D:5      | Noticed Crazy Yiuf
  8177 | D:5      | Killed Crazy Yiuf
  8373 | D:8      | Found a stormy altar of Qazlal.
  8404 | D:8      | Noticed a gargoyle
  8415 | D:8      | Noticed Erica
  8425 | D:8      | Killed Erica
  8578 | D:8      | Reached ** piety under Kikubaaqudgha
  8834 | D:8      | Reached skill level 5 in Maces & Flails
  8914 | D:8      | Killed a gargoyle
  8917 | D:8      | Noticed a two-headed ogre
  8930 | D:8      | Killed a two-headed ogre
  8931 | D:8      | Reached XP level 11. HP: 55/84 MP: 23/23
  9059 | D:8      | Reached *** piety under Kikubaaqudgha
  9059 | D:8      | Received a gift from Kikubaaqudgha
  9356 | D:8      | Found an opulent altar of Gozag.
  9526 | D:8      | Learned a level 4 spell: Anguish
  9533 | D:8      | Learned a level 6 spell: Death Channel
  9539 | D:8      | Learned a level 5 spell: Borgnjor's Vile Clutch
  9713 | D:9      | Noticed Joseph
  9889 | D:9      | Killed Joseph
  9890 | D:9      | Reached skill level 1 in Hexes
  9890 | D:9      | Reached skill level 10 in Necromancy
  9975 | D:9      | Found a staircase to the Lair.
 10038 | D:9      | Noticed Gastronok
 10051 | D:9      | Killed Gastronok
 10052 | D:9      | Reached skill level 1 in Earth Magic
 10161 | D:9      | Noticed Amaemon
 10482 | D:9      | Noticed Maurice
 10495 | D:9      | Killed Maurice
 10979 | D:9      | Upgraded the game from 0.30-a0-381-g6ea064c7b4 to
                  | 0.30-a0-385-gfebfb9b408
 11002 | D:10     | Entered Level 10 of the Dungeon
 11008 | D:10     | Noticed Psyche
 11034 | D:10     | Killed Psyche
 11135 | D:10     | Noticed a two-headed ogre
 11143 | D:10     | Killed a two-headed ogre
 11164 | D:10     | Found a sparkling altar of Nemelex Xobeh.
 11164 | D:10     | Found a snail-covered altar of Cheibriados.
 11171 | D:10     | Found a faded altar of an unknown god.
 11234 | D:10     | Your ally Psyche died
 11246 | D:10     | Reached skill level 5 in Hexes
 12005 | D:10     | Upgraded the game from 0.30-a0-385-gfebfb9b408 to
                  | 0.30-a0-389-g8d7d949f56
 12117 | D:11     | Noticed a two-headed ogre
 12124 | D:11     | Killed a two-headed ogre
 12125 | D:11     | Reached XP level 12. HP: 65/92 MP: 13/25
 12284 | D:11     | Identified the amulet "Weing" {Spirit Rampage *Corrode
                  | rF+++ Stlth+}
 12587 | D:11     | Reached skill level 5 in Earth Magic
 12659 | D:11     | Noticed a two-headed ogre
 12668 | D:11     | Killed a two-headed ogre
 13054 | D:11     | Noticed a two-headed ogre
 13054 | D:11     | Found the +6 shillelagh "Devastator" {shatter}
 13064 | D:11     | Killed a two-headed ogre
 13144 | D:11     | Noticed a boulder beetle
 13160 | D:11     | Noticed a two-headed ogre
 13162 | D:11     | Killed a boulder beetle
 13170 | D:11     | Killed a two-headed ogre
 13644 | Lair:1   | Entered Level 1 of the Lair of Beasts
 13858 | Lair:1   | Identified the ring "Bochomu" {Wiz rF- rCorr Str+2 Dex+4}
 14251 | Lair:1   | Reached **** piety under Kikubaaqudgha
 15107 | Lair:2   | Gained mutation: You are strongly in touch with the powers
                  | of death. [Mummy growth]
 15107 | Lair:2   | Reached XP level 13. HP: 99/99 MP: 24/26
 15114 | Lair:2   | Found a staircase to the Swamp.
 15126 | Lair:2   | Found a staircase to the Snake Pit.
 15245 | Lair:2   | Reached skill level 11 in Necromancy
 15295 | Lair:2   | Noticed crasatator's ghost (journeyman TrFi)
 15305 | Lair:2   | Found a runed translucent gate.
 15305 | Lair:2   | Found a runed translucent gate.
 15306 | Lair:2   | Found a runed translucent gate.
 15400 | Lair:2   | Noticed Maggie
 15407 | Lair:2   | Killed Maggie
 15613 | Lair:2   | Reached skill level 5 in Evocations
 16009 | Lair:3   | Reached skill level 5 in Dodging
 16126 | Lair:3   | Reached skill level 10 in Spellcasting
 18403 | D:9      | Killed Amaemon
 18552 | Lair:5   | Entered Level 5 of the Lair of Beasts
 18700 | Lair:5   | Got Irestrai's Guide on Non-Euclidean Putrescence
 18738 | Lair:5   | Found a transporter.
 18743 | Lair:5   | Noticed caveywoolpert's ghost (journeyman DsEE)
 18854 | Lair:5   | Found a transporter.
 18882 | Lair:5   | Noticed Rupert
 18889 | Lair:5   | Killed Rupert
 19119 | Lair:5   | Found a staircase to the Slime Pits.
 19128 | Lair:5   | Reached ***** piety under Kikubaaqudgha
 19583 | Lair:5   | Reached XP level 14. HP: 80/108 MP: 14/28
 20018 | Lair:5   | Reached skill level 12 in Necromancy
 20791 | Lair:5   | Found a corrupted altar of Lugonu.
 20791 | Lair:5   | Found a one-way gate to the infinite horrors of the Abyss.
 21078 | Lair:5   | Found a bloodstained altar of Trog.
 22363 | D:12     | Found a staircase to the Orcish Mines.
 22371 | D:12     | Found Utsuromi's Weapon Shop.
 22441 | Orc:1    | Entered Level 1 of the Orcish Mines
 22713 | Orc:2    | Entered Level 2 of the Orcish Mines
 22901 | Orc:2    | Found a staircase to the Elven Halls.
 22932 | Orc:2    | Found Wempuir's Jewellery Shop.
 22932 | Orc:2    | Found Qazxiur's Book Shoppe.
 22939 | Orc:2    | Reached skill level 10 in Fighting
 22947 | Orc:2    | Reached skill level 10 in Maces & Flails
 22960 | Orc:2    | Reached XP level 15. HP: 97/115 MP: 10/30
 22961 | Orc:2    | Reached ****** piety under Kikubaaqudgha
 22966 | Orc:2    | Found Sacrur's General Store.
 22966 | Orc:2    | Found Zotythry's Armour Shoppe.
 22973 | Orc:2    | Bought a book of Decay for 420 gold pieces
 23753 | Orc:2    | Bought a +0 pair of boots for 49 gold pieces
 23759 | Orc:2    | Bought a +2 cloak of poison resistance for 314 gold pieces
 23988 | D:5      | Bought 3 scrolls of teleportation for 108 gold pieces
 23988 | D:5      | Bought a scroll of teleportation for 36 gold pieces
 24057 | D:6      | Learned a level 4 spell: Dispel Undead
 24059 | D:6      | Killed Angani's ghost
 24072 | D:6      | Received a gift from Kikubaaqudgha
 24076 | D:6      | Learned a level 2 spell: Blink
 24083 | D:6      | Learned a level 6 spell: Simulacrum
 24761 | D:13     | Reached skill level 1 in Ice Magic
 25555 | D:14     | Found a stormy altar of Qazlal.
 25601 | D:14     | Noticed Kirke
 25615 | D:14     | Killed Kirke
 25824 | D:14     | Found a gate to the Vaults.
 25829 | D:14     | Noticed Lodul
 25836 | D:14     | Killed Lodul
 26901 | Orc:2    | Bought the ring of Apukkod {rCorr EV+4 Str+3 Int+3} for
                  | 1040 gold pieces
 26901 | Orc:2    | Bought a ring of flight for 297 gold pieces
 27002 | D:15     | Entered Level 15 of the Dungeon
 27181 | D:15     | Found a staircase to the Depths.
 27195 | D:15     | Reached skill level 13 in Necromancy
 27530 | D:15     | Identified the +1 ring mail "Ippuob" {Int+3}
 28522 | Snake:1  | Entered Level 1 of the Snake Pit
 28545 | Snake:1  | Noticed Jorgrun
 28550 | Snake:1  | Killed Jorgrun
 28558 | Snake:1  | Reached XP level 16. HP: 124/124 MP: 13/31
 28735 | Snake:1  | Noticed Asterion
 28742 | Snake:1  | Killed Asterion
 28893 | Snake:1  | Noticed Aizul
 28902 | Snake:1  | Killed Aizul
 29539 | Snake:2  | Found a frozen archway.
 29571 | IceCv    | Entered an ice cave
 31189 | IceCv    | Identified the +4 ice dragon scales "Vocvis" {*Corrode
                  | +Blink rF- rC++ rN++ Slay+2}
 31191 | IceCv    | Identified the +4 pair of boots "Wyfovvut" {+Inv rC- Dex+4}
 31686 | IceCv    | Found a viscous altar of Jiyva.
 31709 | IceCv    | Reached skill level 5 in Ice Magic
 31753 | IceCv    | Identified the +2 glaive of Namuecva {chaos, MP+9 Str+4}
 31755 | IceCv    | Identified the +1 robe "Caozuix" {*Corrode +Blink rC++
                  | Dex+2}
 31758 | IceCv    | Got the Lectures on Ice
 32438 | Snake:3  | Identified the +1 chain mail "Xofo" {rN+ Dex+2}
 32864 | Snake:3  | Noticed Vashnia
 32893 | Snake:3  | Reached skill level 1 in Shields
 32893 | Snake:3  | Reached skill level 14 in Necromancy
 32893 | Snake:3  | Killed Vashnia
 33397 | Snake:3  | Identified a scroll of acquirement
 33517 | Snake:4  | Entered Level 4 of the Snake Pit
 34146 | Snake:4  | Reached XP level 17. HP: 131/131 MP: 11/32
 34918 | Snake:4  | Got a serpentine rune of Zot
 35014 | Snake:4  | Upgraded the game from 0.30-a0-389-g8d7d949f56 to
                  | 0.30-a0-390-g80c34de65d
 35250 | D:5      | Bought a scroll of enchant weapon for 90 gold pieces
 35586 | Lair:2   | Killed crasatator's ghost
 35623 | Lair:2   | Identified the ring "Suleukk" {Wiz rN+ Dex+2}
 35947 | Lair:5   | Killed caveywoolpert's ghost
 36166 | Swamp:1  | Entered Level 1 of the Swamp
 36275 | Swamp:1  | Identified the +3 ring mail "Dixt" {Int+2}
 36997 | Swamp:2  | Reached skill level 15 in Necromancy
 37342 | Swamp:3  | Reached skill level 1 in Translocations
 38010 | Swamp:4  | Entered Level 4 of the Swamp
 38072 | Swamp:4  | Reached skill level 10 in Earth Magic
 38221 | Swamp:4  | Reached skill level 5 in Shields
 38222 | Swamp:4  | Reached XP level 18. HP: 133/140 MP: 20/33
 38768 | Swamp:4  | Noticed Mlioglotl
 38782 | Swamp:4  | Killed Mlioglotl
 39712 | Swamp:4  | Found a blossoming altar of Fedhas.
 39920 | Swamp:4  | Found a basalt altar of Yredelemnul.
 39937 | Swamp:4  | Acquired 614 gold pieces
 40096 | Swamp:4  | Got a decaying rune of Zot
 40409 | Vaults:1 | Entered Level 1 of the Vaults
 40613 | Vaults:1 | Reached skill level 10 in Ice Magic
 41225 | Vaults:1 | Reached skill level 1 in Armour
 42214 | Vaults:2 | Found a gateway to a bazaar.
 42246 | Bazaar   | Entered a bazaar
 42246 | Bazaar   | Found Esiminatyu's Book Boutique.
 42246 | Bazaar   | Found Onep's Magic Scroll Shoppe.
 42246 | Bazaar   | Found Lotweig's Book Shop.
 42246 | Bazaar   | Found Cofeaqi's Armour Shoppe.
 42248 | Bazaar   | Found Saniy's Antique Armour Shop.
 42248 | Bazaar   | Found Sydeh's Jewellery Emporium.
 42267 | Bazaar   | Bought a scroll of enchant weapon for 52 gold pieces
 42267 | Bazaar   | Bought a scroll of enchant weapon for 52 gold pieces
 42270 | Bazaar   | Bought a +1 helmet of see invisible for 165 gold pieces
 42273 | Bazaar   | Bought a scroll of magic mapping for 52 gold pieces
 42279 | Bazaar   | Bought the ring of Suspicion {Will++ rCorr Str+2} for 768
                  | gold pieces
 42470 | Vaults:2 | Reached XP level 19. HP: 128/146 MP: 27/34
 45487 | Vaults:3 | Reached skill level 16 in Necromancy
 45512 | Vaults:3 | Noticed Boris
 45519 | Vaults:3 | Killed Boris
 46208 | Vaults:3 | Found a staircase to the Crypt.
 46475 | Vaults:3 | Reached XP level 20. HP: 139/155 MP: 6/36
 47457 | Vaults:4 | Identified the +3 giant spiked club of the Thoughtful
                  | Beasts {venom, *Rage Will+++ Str+2 Dex+3}
 47726 | Vaults:4 | Noticed Boris
 47735 | Vaults:4 | Killed Boris
 48071 | Vaults:4 | Found Jeamamol's Weapon Boutique.
 48506 | Vaults:4 | Identified the ring "Luoror" {rElec MP+9 Str-5 Dex+4
                  | Stlth+}
 49275 | Elf:1    | Entered Level 1 of the Elven Halls
 49275 | Elf:1    | Noticed Louise
 49286 | Elf:1    | Killed Louise
 49344 | Elf:1    | Found Regod's Distillery.
 49344 | Elf:1    | Found Ton Gaxzicipt's Jewellery Shoppe.
 49345 | Elf:1    | Found Tituaz's Magic Scroll Shoppe.
 49365 | Elf:1    | Found Suidghepo's Magic Scroll Emporium.
 49409 | Elf:1    | Bought a scroll of silence for 114 gold pieces
 49485 | Elf:1    | Paralysed by an air elemental for 1 turns
 49533 | Elf:1    | Paralysed by an air elemental for 1 turns
 49656 | Elf:1    | Identified the +3 plate armour "Kercheen" {Regen+}
 49872 | Elf:1    | Noticed Zenata
 49887 | Elf:1    | Killed Zenata
 50039 | Elf:1    | Reached skill level 17 in Necromancy
 50041 | Elf:1    | Paralysed by a floating eye for 3 turns
 50042 | Elf:1    | Your ally Louise died
 50042 | Elf:1    | Noticed Frances
 50048 | Elf:1    | Paralysed by an air elemental for 1 turns
 50061 | Elf:1    | Killed Frances
 50082 | Elf:1    | Your ally Frances died
 50092 | Elf:1    | Reached skill level 5 in Armour
 50948 | Elf:2    | Found a runed translucent gate.
 50949 | Elf:2    | Found a runed translucent gate.
 50949 | Elf:2    | Found a runed translucent gate.
 51105 | Elf:2    | Noticed Azrael
 51147 | Elf:3    | Entered Level 3 of the Elven Halls
 51321 | Elf:3    | Paralysed by an air elemental for 1 turns
 51462 | Elf:3    | Paralysed by an air elemental for 1 turns
 51502 | Elf:3    | Noticed Saint Roka
 51515 | Elf:3    | Reached XP level 21. HP: 138/163 MP: 26/38
 51517 | Elf:3    | Killed Saint Roka
 51578 | Elf:3    | Found Ceiw's Assorted Antiques.
 51606 | Elf:3    | Noticed Bai Suzhen
 51622 | Elf:3    | Killed Bai Suzhen
 51671 | Elf:2    | Killed the ghostly Bai Suzhen
 51679 | Elf:2    | Reached skill level 10 in Evocations
 52033 | Elf:3    | Reached skill level 10 in Dodging
 52236 | Elf:3    | Noticed Roxanne
 52253 | Elf:3    | Killed Roxanne
 53057 | Elf:3    | Identified the +4 plate armour "Dumpog" {Will+ Stlth+}
 53066 | Elf:3    | Identified the +3 long sword "Fiewnoxe" {freeze, rC+
                  | Stlth+}
 53068 | Elf:3    | Identified the ring of Zoafry {rN++ MP+9 EV+4 Stlth+}
 53070 | Elf:3    | Reached skill level 18 in Necromancy
 53071 | Elf:3    | Identified the ring of Myggior {Will+ Dex+4}
 53304 | Elf:3    | Identified the ring "Qiodaini" {rF+ SInv}
 53684 | Elf:3    | Identified the +4 sling "Hecaogei" {drain, rN+ Str+3}
 53684 | Elf:3    | Identified the amulet "Wiedab" {Spirit Fragile rPois rCorr
                  | Dex-3}
 54005 | Elf:3    | Identified the +11 glaive "Beeryto" {flame, rF+ rC+ Str-4}
 54032 | Elf:3    | Reached skill level 15 in Fighting
 54205 | Elf:3    | Identified the +1 pair of boots of the Comet {rPois}
 54210 | Elf:3    | Got the Grimoire of Iron Coordinates
 54252 | Elf:3    | Got the Compilation of the Chill
 54262 | Elf:3    | Learned a level 7 spell: Haunt
 54631 | Crypt:1  | Entered Level 1 of the Crypt
 54631 | Crypt:1  | Noticed Boris
 54636 | Crypt:1  | Killed Boris
 54677 | Crypt:1  | Reached skill level 1 in Summonings
 54939 | Crypt:1  | You fall into a shaft and drop 1 floor!
 56670 | Crypt:2  | Noticed Frederick
 56683 | Crypt:2  | Killed Frederick
 57089 | Crypt:3  | Entered Level 3 of the Crypt
 57111 | Crypt:3  | Reached XP level 22. HP: 153/175 MP: 37/39
 57808 | Crypt:3  | Found a staircase to the Tomb.
 58538 | Crypt:3  | Noticed a dread lich
 58732 | Crypt:3  | Found an ancient bone altar of Kikubaaqudgha.
 58735 | Crypt:3  | Found a basalt altar of Yredelemnul.
 58749 | Crypt:3  | Killed a dread lich
 58750 | Crypt:3  | Reached skill level 5 in Summonings
 58919 | Crypt:3  | Identified the +6 scale mail "Hatottav" {+Blink Int+4
                  | Dex-5}
 58920 | Crypt:3  | Identified the +5 trident of the Unspeakable One {freeze,
                  | rC+}
 59043 | Crypt:3  | Reached skill level 19 in Necromancy
 59312 | Crypt:3  | Learned a level 8 spell: Infestation
 59560 | Depths:1 | Entered Level 1 of the Depths
 59567 | Depths:1 | Noticed Boris
 59574 | Depths:1 | Killed Boris
 60184 | Depths:1 | Found a gateway to Hell.
 60228 | Depths:1 | Found a portal to a secret trove of treasure.
 61010 | Depths:2 | Found a one-way gate leading to the halls of Pandemonium.
 61276 | Depths:2 | Noticed Grunn
 61286 | Depths:2 | Killed Grunn
 61650 | Depths:2 | Reached XP level 23. HP: 157/183 MP: 28/41
 62038 | Depths:2 | Found a sparkling altar of Nemelex Xobeh.
 62536 | Depths:2 | Noticed Nikola
 62553 | Depths:2 | Killed Nikola
 63067 | Depths:2 | Got Rietsoog's Handbook of Battling
 63224 | Depths:3 | Found a runed translucent door.
 63411 | Depths:3 | Found Ukopp's General Store.
 63502 | Depths:3 | Found a one-way gateway to a ziggurat.
 63541 | Depths:3 | Reached skill level 10 in Hexes
 64530 | Depths:3 | Reached skill level 15 in Spellcasting
 64548 | Depths:3 | Reached skill level 20 in Necromancy
 64610 | Depths:3 | Found an ancient bone altar of Kikubaaqudgha.
 65124 | Depths:3 | Reached skill level 10 in Shields
 65336 | Depths:3 | Identified the +2 bardiche of the Known World {vamp,
                  | Stlth+}
 65453 | Depths:3 | Found the +10 dark maul {vorpal}
 65611 | Depths:3 | Identified the ring "Ugof" {rPois rCorr Slay+2}
 65777 | Depths:3 | Noticed Angani's ghost (veteran DrNe)
 65785 | Depths:4 | Entered Level 4 of the Depths
 65788 | Depths:4 | Found a flickering gateway to a bazaar.
 65827 | Bazaar   | Entered a bazaar
 66066 | Bazaar   | Found Juran's Distillery.
 66070 | Bazaar   | Found Beruoh's Antique Armour Boutique.
 66070 | Bazaar   | Found Zoenluj's Jewellery Boutique.
 66071 | Bazaar   | Found Fuc Oran's Magic Scroll Boutique.
 66099 | Bazaar   | Bought a scroll of teleportation for 27 gold pieces
 66099 | Bazaar   | Bought a scroll of teleportation for 27 gold pieces
 66099 | Bazaar   | Bought a scroll of fear for 36 gold pieces
 66099 | Bazaar   | Bought a scroll of blinking for 67 gold pieces
 66679 | Depths:4 | Found an iron altar of Okawaru.
 67020 | Elf:1    | Bought a scroll of enchant armour for 82 gold pieces
 67020 | Elf:1    | Bought a scroll of teleportation for 33 gold pieces
 67027 | Elf:1    | Bought 3 scrolls of blinking for 270 gold pieces
 67027 | Elf:1    | Bought a scroll of magic mapping for 90 gold pieces
 67027 | Elf:1    | Bought a scroll of teleportation for 36 gold pieces
 67027 | Elf:1    | Bought 3 scrolls of fog for 144 gold pieces
 67215 | Depths:3 | Bought a wand of digging (4) for 252 gold pieces
 67215 | Depths:3 | Bought a scroll of blinking for 112 gold pieces
 67215 | Depths:3 | Bought a scroll of blinking for 112 gold pieces
 67215 | Depths:3 | Bought a scroll of teleportation for 45 gold pieces
 67433 | Vaults:5 | Entered Level 5 of the Vaults
 67448 | Vaults:5 | Reached skill level 10 in Summonings
 67474 | Vaults:5 | Noticed an ancient lich
 67502 | Vaults:5 | Killed an ancient lich
 67511 | Vaults:5 | Reached XP level 24. HP: 128/196 MP: 6/42
 67520 | Vaults:5 | Noticed a dread lich
 67772 | Vaults:5 | Found Oshro Kude's Distillery.
 68436 | Vaults:5 | Noticed Boris
 68449 | Vaults:5 | Killed Boris
 68642 | Vaults:5 | Killed a dread lich
 68956 | Vaults:5 | Identified the +1 helmet of the Evening {Stlth+}
 69012 | Vaults:5 | Noticed a dread lich
 69020 | Vaults:5 | Killed a dread lich
 70277 | Vaults:5 | Found Pixeurpha's Distillery.
 70692 | Vaults:5 | Got a silver rune of Zot
 71587 | Depths:3 | Killed Angani's ghost
 71691 | Depths:4 | Found a gate to the Realm of Zot.
 73400 | Zot:1    | Entered Level 1 of the Realm of Zot
 73920 | Zot:1    | Killed from afar by a red draconian

Illustrated notes

Levels and vault maps discovered:
D:1:      amcnicky_arrival_wind_blow, layout_basic, minmay_cupped
D:2:      layout_loops_ring, uniq_terence
D:3:      layout_loops_corners, nzn_wu_jian_contemplation, xom_butterflies,
          basic_ecumenical_altar, lightli_corner_chamber
D:4:      layout_cave_pools, nicolae_hepliaklqana_monster_ancestors,
          serial_demonic, serial_demonic_b, serial_demonic_f, serial_demonic_e,
          serial_demonic_c, serial_shops, nicolae_shop_advertising_works
          [nicolae_subvault_shop_adworks]
D:5:      layout_rooms, vehumet_crystals, minmay_temple_entry_tees,
          serial_shops, shop, uniq_crazy_yiuf_cottage, uniq_sigmund
D:6:      layout_rooms, mainiacjoe_overflow_brackets, ebering_ghost_inner_flame,
          uniq_pikel, uniq_prince_ribbit1
D:7:      layout_basic, enter_bailey_5
D:8:      layout_cave_pods, pdpol_temple_overflow_zin_treasury_gozag_greed,
          mainiacjoe_overflow_alcove_4, special_room [special_room_orc],
          nicolae_benzene_ring, st_stairs_10, grunt_ministairs_14, uniq_erica
D:9:      layout_basic, david_lair_generic, uniq_amaemon, uniq_gastronok,
          uniq_maurice, uniq_joseph
D:10:     layout_cave_pools, chequers_temple_overflow_minitemple, serial_rivers,
          chequers_serial_rivers_micro_a, chequers_serial_rivers_large_a,
          chequers_serial_rivers_micro_e, chequers_serial_rivers_small_b,
          chequers_serial_rivers_large_b, chequers_serial_rivers_small_a,
          introduction_to_nature_2, uniq_psyche
D:11:     layout_basic, dilly_guarded_unrand_devastator
D:12:     layout_loops_ring, orc_0_dummy, serial_shops, nicolae_lakefront_shop,
          minmay_fractal_squares_diagonal_5
D:13:     layout_irregular_city
D:14:     layout_cave_pods, david_vaults_2, nicolae_qazlal_general_emergency,
          reono_crystal_passage, eino_jars, uniq_lodul, uniq_kirke
D:15:     hangedman_depths_entry_try_elsewhere_first, layout_cross, serial_ice,
          serial_ice_h, serial_ice_l, serial_ice_m, serial_ice_a, serial_ice_f,
          serial_ice_g, serial_ice_b, serial_ice_e, serial_ice_n, serial_ice_c,
          dreamdust_princess_bridge, st_stairs_3, minmay_crystal_room
Lair:1:   layout_roguey, beast_lair_carwin_5
Lair:2:   layout_hall_layers, minmay_swamp_entry_worms,
          guppyfry_snake_entry_garden, gammafunk_ghost_split, uniq_maggie
Lair:3:   layout_layer_cave
Lair:4:   layout_roguey, infiniplex_staircase_pool_2
Lair:5:   hellmonk_lair_end_abyssal_woods, layout_cave_pods,
          nicolae_slime_entry_slimehenge, gammafunk_ghost_wrathful_warriors,
          uniq_rupert
Swamp:1:  layout_basic_swamp, evilmike_swamp_ruin_house_3, swamp_pool5
Swamp:2:  layout_falls_marsh, hangedman_swamp_blocks
Swamp:3:  layout_basic_swamp, evilmike_swamp_ruin_house_2
Swamp:4:  byrel_swamp_growth_death_and_undeath, layout_basic_swamp, swamp_pool2,
          nicolae_swamp_round_clearing, uniq_mlioglotl
Snake:1:  layout_misc_corridors, lemuel_fruit_tree, uniq_jorgrun, uniq_aizul,
          uniq_asterion
Snake:2:  layout_misc_corridors, portal_ice_cave_entry_pillars_three, drop_trap,
          nicolae_triple_integral
Snake:3:  layout_misc_corridors, uniq_vashnia
Snake:4:  minmay_snake_end_coiled, layout_grid_shapes
Orc:1:    layout_diamond_mine
Orc:2:    st_orc_ogre_mass, layout_caves
Elf:1:    layout_rooms, minivault_28, minmay_shoptagon, grunt_megastairs_3,
          uniq_frances, uniq_zenata, uniq_louise
Elf:2:    nicolae_elf_blades_crystal_corner, layout_geoelf_octagon, uniq_azrael
Elf:3:    minmay_elf_hall_x, layout_loops_ring, serial_shops, shop,
          uniq_saint_roka, uniq_roxanne, uniq_bai_suzhen
Vaults:1: v_misc_19, v_misc_17, v_alt_pattern_2,
          vaults_mumra_minichess_inversion, nicolae_vaults_ring_of_whatevers,
          grunt_vaults_twisty, ontoclasm_vaults_loading_screen,
          nicolae_vaults_little_squares_2, v_misc_2, layout_vaults_quadrants
Vaults:2: ontoclasm_vaults_bender, nicolae_vaults_an_arrangement,
          ontoclasm_vaults_ring_small, nicolae_vaults_shelves_hall, v_pattern_5,
          v_alt_pattern_2, ontoclasm_vaults_idyll, vaults_room_fancy_cross,
          grunt_vaults_funnel, nicolae_vaults_specimen_jars,
          layout_vaults_chaotic_city, serial_shops, bzr_entry_dummy
Vaults:3: hangedman_vaults_locks, hangedman_vaults_pinch, v_misc_12,
          blue_anna_dwarven_crypt, ontoclasm_vaults_fault,
          nicolae_vaults_twisting_passages, v_alt_pattern_1, v_misc_26,
          v_alt_pattern_2, ontoclasm_vaults_shuriken, vaults_dpeg_hooks,
          nicolae_vaults_little_squares_3, layout_vaults_omnibox, uniq_boris
Vaults:4: v_rooms_2, v_pattern_2, hangedman_vaults_nails, ontoclasm_vaults_chip,
          v_alt_pattern_4, ontoclasm_vaults_shout, dpeg_vaults_monster_row,
          v_misc_14, v_misc_26, vaults_mumra_chevron_long, grunt_vaults_bifocal,
          ontoclasm_vaults_misaligned, nicolae_vaults_shelves_hall,
          ontoclasm_vaults_gateway, vaults_dpeg_encased_lava,
          vaults_mumra_chevron, ontoclasm_vaults_loading_screen,
          layout_vaults_big_cross, serial_shops, shop
Vaults:5: serial_shops, uniq_margery
Crypt:1:  layout_misc_corridors, grunt_crypt_arrival_webbed
Crypt:2:  layout_gridlike, nicolae_elevator_lobby_plus, uniq_frederick
Crypt:3:  lightli_unholy_cathedral, layout_chaotic_city,
          tomb_entry_simple_bobbens, nicolae_crypt_crumbling_hall
Depths:1: layout_cave_pools, moated_statue, enter_trove_6, hell_entry,
          fountainhead, serial_bayou_lake_a
Depths:2: evilmike_cross, layout_cave_shapes, old_standard_altar,
          grunt_hell_entry_dis_old, rand_demon_pan_entry_1,
          grunt_decor_mini_mirrors, drop_trap, nrook_pool_corridor,
          minmay_librarian, minmay_staircase_windowed_small, uniq_nikola,
          uniq_grunn
Depths:3: evilmike_negative_zone, layout_basic, enter_ziggurat_c,
          hangedman_decor_growths, abyss_entry, ebering_ghost_reflecting_pool,
          hell_entry, serial_shops, shop, minmay_misc_feat_more_columns,
          infiniplex_staircase_pillars_1
Depths:4: evilmike_zot_entry_argh, layout_cave_pools, hangedman_coc_ice_floe,
          serial_shops, freezing_bzr, chequers_decorated_corner,
          kennysheep_okawaru_gauntlet
Zot:1:    layout_cellular_growth, gammafunk_ghost_cemetery, grunt_ministairs_9
Zot:2:    layout_gridlike

Skill      XL: |  1  2  3  4  5  6  7  8  9 10 11 12 13 14 15 16 17 18 19 20 21 22 23 24 |
---------------+-------------------------------------------------------------------------+-----
Spellcasting   | 3 4 5 6 7 8 9 10 11 12 13 14 15 | 15.0
Fighting       | 1 2 3 4 6 7 8 9 10 11 12 13 15 17 18 | 18.5
Stealth        | 2 3 4 |  4.0
Dodging        | 2 3 4 5 6 7 8 9 10 | 10.7
Necromancy     | 5 6 7 8 9 10 11 12 13 14 15 16 17 18 19 20 | 20.8
Maces & Flails | 1 3 4 5 6 7 8 10 11 12 | 12.0
Throwing       | 1 2 3 4 |  4.0
Evocations     | 1 2 3 4 5 6 7 8 9 10 | 10.7
Hexes          | 5 6 7 8 9 10 | 10.0
Earth Magic    | 4 6 7 8 9 10 | 10.0
Ice Magic      | 3 5 7 10 11 12 | 12.0
Shields        | 1 5 6 7 8 9 10 | 10.7
Translocations | 2 4 |  4.0
Armour         | 1 3 5 6 7 |  7.2
Summonings     | 3 6 10 | 10.7

Action                   |  1- 3 |  4- 6 |  7- 9 | 10-12 | 13-15 | 16-18 | 19-21 | 22-24 || total
-------------------------+-------+-------+-------+-------+-------+-------+-------+-------++-------
Melee: Dagger            |       |    22 |       |       |       |       |       |       ||    22
       Mace              |       |    78 |     9 |       |       |       |       |       ||    87
       Punch             |       |     2 |     1 |    11 |     9 |     4 |       |       ||    27
       Whip              |       |       |    80 |   337 |    29 |       |       |       ||   446
       Shillelagh        |       |       |       |    24 |       |       |       |       ||    24
       Morningstar       |       |       |       |       |    68 |       |       |       ||    68
       Demon whip        |       |       |       |       |   382 |   594 |   648 |   598 ||  2222
Throw: Stone             |       |       |    17 |       |       |       |       |       ||    17
       Dart              |       |       |       |    12 |       |     1 |       |       ||    13
       Boomerang         |       |       |       |       |       |     6 |       |     3 ||     9
 Cast: Necrotise         |    68 |    99 |    52 |    18 |       |       |       |       ||   237
       Vampiric Draining |       |     7 |    64 |   129 |     6 |    12 |    14 |     7 ||   239
       Anguish           |       |       |       |    53 |   145 |   157 |   177 |   156 ||   688
       Borgnjor's Vile C |       |       |       |    30 |   117 |   101 |   179 |   182 ||   609
       Animate Dead      |       |       |       |     7 |    19 |    22 |    20 |    16 ||    84
       Death Channel     |       |       |       |     2 |    35 |    45 |    42 |    24 ||   148
       Dispel Undead     |       |       |       |       |     6 |    46 |    63 |   145 ||   260
       Simulacrum        |       |       |       |       |       |       |     3 |    27 ||    30
       Infestation       |       |       |       |       |       |       |       |    25 ||    25
       Haunt             |       |       |       |       |       |       |       |     7 ||     7
       Blink             |       |       |       |       |       |       |       |     3 ||     3
Invok: Unearth Wretches  |       |       |       |     7 |    15 |    23 |    11 |    22 ||    78
       Receive Forbidden |       |       |       |       |     1 |       |       |       ||     1
Evoke: Piece from Xom's  |       |     2 |       |       |       |       |       |       ||     2
       Wand              |       |       |     8 |     9 |       |     1 |       |     4 ||    22
       Condenser vane    |       |       |       |       |       |     2 |     3 |     2 ||     7
       Phantom mirror    |       |       |       |       |       |       |     1 |       ||     1
       Box of beasts     |       |       |       |       |       |       |       |     2 ||     2
       Phial of floods   |       |       |       |       |       |       |       |     1 ||     1
  Use: Scroll            |     3 |     7 |     2 |     6 |    11 |    14 |     7 |    10 ||    60
 Stab: Paralysed         |       |       |       |    12 |     9 |     4 |     3 |     2 ||    30
       Sleeping          |       |       |       |     2 |     4 |     4 |     4 |     4 ||    18
       Distracted        |       |       |       |     3 |     4 |    16 |     9 |    10 ||    42
Armor: Robe              |     1 |    73 |    23 |   154 |   177 |    28 |       |       ||   456
       Leather armour    |       |       |       |       |       |   228 |   219 |   210 ||   657
Dodge: Dodged            |    11 |   146 |    95 |   437 |   428 |   333 |   385 |   426 ||  2261
Block: Kite shield       |       |       |       |       |       |   235 |   457 |   450 ||  1142
       Reflection        |       |       |       |       |       |    17 |    44 |    23 ||    84

Table legend: (Time is in decaauts)
 A = Elapsed time spent in this place.
 B = Non-inter-level travel time spent in this place.
 C = Inter-level travel time spent in this place.
 D = Time resting spent in this place.
 E = Time spent auto-exploring this place.
 F = Levels seen in this place.
 G = Mean time per level.
                   A        B        C        D        E       F      G
               +--------+--------+--------+--------+--------+-----+--------+
         Total |  73293 |  66895 |   6398 |  14635 |  37157 |  51 | 1437.1 |
       Dungeon |  20101 |  17117 |   2984 |   1216 |  13041 |  15 | 1340.1 |
          Lair |   7701 |   6926 |    775 |    717 |   4849 |   5 | 1540.2 |
         Swamp |   4002 |   3799 |    203 |    870 |   1933 |   4 | 1000.5 |
     Snake Pit |   4168 |   3956 |    212 |    546 |   2382 |   4 | 1042.0 |
  Orcish Mines |   1532 |   1228 |    304 |      0 |    928 |   2 |  766.0 |
   Elven Halls |   5069 |   4667 |    402 |   1383 |   2105 |   3 | 1689.7 |
        Vaults |  12917 |  12071 |    846 |   2418 |   6702 |   5 | 2583.4 |
         Crypt |   4674 |   4452 |    222 |   1494 |   1540 |   3 | 1558.0 |
        Depths |   8974 |   8527 |    447 |   3232 |   3340 |   4 | 2243.5 |
           Zot |    516 |    516 |      0 |    426 |      0 |   2 |  258.0 |
        Bazaar |    320 |    320 |      0 |      0 |    281 |   2 |  160.0 |
        Bailey |   1028 |   1028 |      0 |    732 |      2 |   1 | 1028.0 |
      Ice Cave |   2286 |   2286 |      0 |   1600 |     54 |   1 | 2286.0 |
               +--------+--------+--------+--------+--------+-----+--------+

Top non-repeatable levels by time:
Vaults:5: 3865 daAuts
Depths:3: 2919 daAuts
   Elf:3: 2826 daAuts
  Lair:5: 2741 daAuts
Vaults:2: 2624 daAuts
Vaults:3: 2617 daAuts
Depths:4: 2310 daAuts
   IceCv: 2286 daAuts
 Crypt:3: 2221 daAuts
    D:14: 2152 daAuts
 Swamp:4: 2144 daAuts
Depths:2: 2135 daAuts
     D:9: 1961 daAuts
Vaults:1: 1927 daAuts
Vaults:4: 1883 daAuts
